General information
- name: BNet
- type: Ladder team game (AT/RT)
- host: Battle.net
- saver: lols.
map: Dragonblight
- players: 6
- length: 25:43
- speed: Fast
- version: 1.28 W3XP
- replay type: Public
» download(282 KB)
Players
team 1 (loser)
adidas (
pink | 75 APM | 1931 actions | 25:42)
5 Priestess of the Moon
3 Trueshot Aura
2 Searing Arrows
1 Keeper of the Grove
1 Entangling Roots
» actions
| Assign group hotkey | 68 | |
| Basic commands | 264 | |
| Build / train | 77 | |
| Enter build submenu | 17 | |
| Enter hero's abilities submenu | 6 | |
| Give item / drop item | 2 | |
| Right click | 636 | |
| Select / deselect | 384 | |
| Select group hotkey | 421 | |
| Use ability | 56 | |
1931 total
» units
| Wisp | 19 | |
| Huntress | 9 | |
| Archer | 5 | |
| Dryad | 9 | |
| Tauren | 1 | |
| Troll Batrider | 2 | |
45 total
» upgrades
| Strength of the Moon | 1 | |
| Ultravision | 1 | |
| Moon Armor | 1 | |
| Improved Bows | 1 | |
| Sentinel | 1 | |
| Abolish Magic | 1 | |
| Druid of the Claw Training | 1 | |
| Strength of the Wild | 2 | |
| Reinforced Hides | 1 | |
10 total
» buildings
| Moon Well | 6 | |
| Altar of Elders | 1 | |
| Ancient of War | 2 | |
| Hunter's Hall | 1 | |
| Ancient of Wonders | 1 | |
| Tree of Ages | 3 | |
| Ancient of Lore | 2 | |
| Tree of Life | 1 | |
17 total
» build order
00:19 Moon Well
01:17 Moon Well
01:51 Altar of Elders
01:55 Ancient of War
02:09 Hunter's Hall
02:42 Ancient of War
02:53 Moon Well
03:22 Ancient of Wonders
05:53 Moon Well
08:01 Tree of Ages
08:01 Tree of Ages
08:01 Tree of Ages
09:27 Moon Well
10:29 Ancient of Lore
10:57 Ancient of Lore
16:13 Tree of Life
20:46 Moon Well
» items
| Scroll of Town Portal | 2 | |
| Healing Salve | 1 | |
| Potion of Healing | 1 | |
| Orb of Corruption | 1 | |
| Scroll of Healing | 1 | |
6 total

»
sebaschan.1se (
blue | 89 APM | 2281 actions | 25:34)
4 Death Knight
2 Death Coil
2 Unholy Aura
4 Lich
2 Frost Nova
2 Frost Armor
» actions
| Basic commands | 301 | |
| Build / train | 62 | |
| ESC pressed | 5 | |
| Enter build submenu | 23 | |
| Enter hero's abilities submenu | 8 | |
| Give item / drop item | 4 | |
| Remove unit from queue | 2 | |
| Right click | 785 | |
| Select / deselect | 1007 | |
| Use ability | 84 | |
2281 total
» units
| Acolyte | 3 | |
| Ghoul | 8 | |
| Crypt Fiend | 9 | |
| Obsidian Statue | 4 | |
| Nerubian Webspinner | 1 | |
| Ice Troll Berserker | 1 | |
| Blue Drake | 1 | |
| Blue Dragon | 3 | |
30 total
» upgrades
» buildings
| Crypt | 2 | |
| Ziggurat | 13 | |
| Graveyard | 1 | |
| Altar of Darkness | 1 | |
| Tomb of Relics | 1 | |
| Nerubian Tower | 1 | |
| Halls of the Dead | 1 | |
| Black Citadel | 1 | |
| Slaughterhouse | 2 | |
| Sacrificial Pit | 1 | |
| Spirit Tower | 2 | |
| Boneyard | 1 | |
27 total
» build order
00:09 Crypt
00:13 Crypt
00:15 Ziggurat
00:20 Ziggurat
00:38 Graveyard
00:57 Altar of Darkness
01:15 Tomb of Relics
01:42 Ziggurat
02:11 Nerubian Tower
03:25 Ziggurat
03:27 Ziggurat
04:15 Halls of the Dead
05:01 Ziggurat
06:57 Black Citadel
07:44 Slaughterhouse
10:49 Sacrificial Pit
10:54 Ziggurat
11:00 Ziggurat
11:19 Spirit Tower
11:22 Spirit Tower
13:41 Slaughterhouse
16:35 Boneyard
16:37 Ziggurat
17:06 Ziggurat
17:07 Ziggurat
19:12 Ziggurat
19:14 Ziggurat
» items
| Rod of Necromancy | 3 | |
| Scroll of Town Portal | 4 | |
| Orb of Corruption | 1 | |
| Potion of Healing | 2 | |
10 total
zkwkaktls (
green | 120 APM | 2703 actions | 22:32)
5 Tauren Chieftain
2 War Stomp
3 Endurance Aura
» actions
| Assign group hotkey | 47 | |
| Basic commands | 137 | |
| Build / train | 86 | |
| ESC pressed | 2 | |
| Enter build submenu | 18 | |
| Enter hero's abilities submenu | 5 | |
| Give item / drop item | 1 | |
| Right click | 874 | |
| Select / deselect | 328 | |
| Select group hotkey | 1111 | |
| Use ability | 94 | |
2703 total
» units
| Peon | 12 | |
| Grunt | 10 | |
| Raider | 4 | |
| Shaman | 9 | |
| Tauren | 5 | |
40 total
» upgrades
| Pillage | 1 | |
| Spiked Barricades | 2 | |
| Melee Weapons | 2 | |
| Armor | 2 | |
| Ensnare | 1 | |
| Shaman Training | 2 | |
| Reinforced Defenses | 1 | |
| Pulverize | 1 | |
12 total
» buildings
| Orc Burrow | 6 | |
| Altar of Storms | 1 | |
| Barracks | 1 | |
| Voodoo Lounge | 1 | |
| War Mill | 1 | |
| Stronghold | 1 | |
| Fortress | 2 | |
| Beastiary | 1 | |
| Spirit Lodge | 1 | |
| Tauren Totem | 1 | |
| Great Hall | 2 | |
18 total
» build order
00:12 Orc Burrow
00:14 Altar of Storms
00:54 Barracks
01:36 Orc Burrow
01:50 Voodoo Lounge
03:00 War Mill
04:57 Orc Burrow
05:12 Stronghold
05:58 Orc Burrow
07:31 Orc Burrow
08:07 Fortress
08:08 Fortress
08:11 Beastiary
08:34 Spirit Lodge
09:56 Orc Burrow
14:48 Tauren Totem
16:18 Great Hall
20:43 Great Hall
» items
| Healing Salve | 4 | |
| Lesser Clarity Potion | 7 | |
| Boots of Speed | 1 | |
| Circlet of Nobility | 1 | |
| Potion of Lesser Invulnerability | 3 | |
| Potion of Mana | 4 | |
| Potion of Healing | 3 | |
| Scroll of Town Portal | 2 | |
25 total
team 2 (winner)
lols. (
teal | 220 APM | 5652 actions | 25:43)
5 Death Knight
3 Death Coil
1 Unholy Aura
1 Death Pact
4 Lich
2 Frost Nova
1 Dark Ritual
1 Frost Armor
4 Dark Ranger
2 Black Arrow
2 Silence
» actions
| Assign group hotkey | 88 | |
| Basic commands | 131 | |
| Build / train | 66 | |
| Enter build submenu | 25 | |
| Enter hero's abilities submenu | 14 | |
| Give item / drop item | 4 | |
| Right click | 2638 | |
| Select / deselect | 514 | |
| Select group hotkey | 1920 | |
| Use ability | 252 | |
5652 total
» units
| Acolyte | 2 | |
| Ghoul | 2 | |
| Crypt Fiend | 16 | |
| Obsidian Statue | 4 | |
| Abomination | 3 | |
| Banshee | 4 | |
31 total
» upgrades
| Backpack | 1 | |
| Burrow | 1 | |
| Web | 1 | |
| Destroyer Form | 1 | |
| Banshee Training | 1 | |
| Disease Cloud | 1 | |
| Creature Attack | 1 | |
| Creature Carapace | 1 | |
8 total
» buildings
| Graveyard | 1 | |
| Crypt | 1 | |
| Altar of Darkness | 1 | |
| Ziggurat | 7 | |
| Tomb of Relics | 2 | |
| Halls of the Dead | 1 | |
| Slaughterhouse | 1 | |
| Black Citadel | 1 | |
| Temple of the Damned | 1 | |
16 total
» build order
00:04 Graveyard
00:22 Crypt
00:42 Altar of Darkness
00:57 Ziggurat
01:10 Tomb of Relics
01:31 Tomb of Relics
02:05 Ziggurat
03:28 Halls of the Dead
04:32 Ziggurat
06:08 Slaughterhouse
06:45 Ziggurat
08:30 Black Citadel
09:06 Ziggurat
15:01 Temple of the Damned
16:34 Ziggurat
20:50 Ziggurat
» items
| Rod of Necromancy | 4 | |
| Scroll of Town Portal | 2 | |
| Orb of Corruption | 1 | |
7 total
clackr (
yellow | 150 APM | 3853 actions | 25:42)
5 Archmage
3 Blizzard
2 Brilliance Aura
5 Blood Mage
1 Siphon Mana
2 Flame Strike
2 Banish
3 Pit Lord
2 Rain of Fire
1 Cleaving Attack
» actions
| Assign group hotkey | 26 | |
| Basic commands | 170 | |
| Build / train | 88 | |
| ESC pressed | 3 | |
| Enter build submenu | 28 | |
| Enter hero's abilities submenu | 15 | |
| Give item / drop item | 2 | |
| Right click | 1449 | |
| Select / deselect | 751 | |
| Select group hotkey | 1187 | |
| Use ability | 134 | |
3853 total
» units
| Peasant | 21 | |
| Peon | 4 | |
| Sorceress | 5 | |
| Spell Breaker | 12 | |
| Gryphon Rider | 4 | |
| Mortar Team | 3 | |
49 total
» upgrades
| Lumber Harvesting | 2 | |
| Control Magic | 1 | |
| Flak Cannons | 1 | |
| Plating | 1 | |
| Swords | 1 | |
| Storm Hammers | 1 | |
| Fragmentation Shards | 1 | |
8 total
» buildings
| Altar of Kings | 1 | |
| Farm | 10 | |
| Lumber Mill | 1 | |
| Scout Tower | 1 | |
| Keep | 1 | |
| Arcane Tower | 2 | |
| Arcane Vault | 1 | |
| Castle | 2 | |
| Arcane Sanctum | 1 | |
| War Mill | 1 | |
| Orc Burrow | 1 | |
| Blacksmith | 1 | |
| Workshop | 1 | |
| Town Hall | 5 | |
| Gryphon Aviary | 1 | |
30 total
» build order
00:07 Altar of Kings
00:24 Farm
00:38 Lumber Mill
01:49 Scout Tower
02:07 Keep
02:22 Arcane Tower
02:22 Arcane Tower
02:32 Arcane Vault
02:39 Farm
02:58 Farm
03:17 Farm
04:29 Castle
04:29 Castle
04:31 Arcane Sanctum
04:45 War Mill
04:58 Orc Burrow
07:09 Farm
07:49 Blacksmith
09:16 Workshop
09:22 Farm
09:46 Farm
10:17 Town Hall
11:06 Gryphon Aviary
14:11 Town Hall
15:10 Farm
15:38 Farm
18:17 Town Hall
20:32 Farm
22:30 Town Hall
23:26 Town Hall
» items
| Potion of Healing | 4 | |
| Scroll of Regeneration | 1 | |
| Staff of Sanctuary | 1 | |
| Scroll of Town Portal | 1 | |
7 total

»
wkdehf2 (
red | 0 APM | 2 actions | 04:39)
» actions
| Right click | 1 | |
| Select / deselect | 1 | |
2 total
Chat log
(00:05 / Allies) lols.: 100
(01:25 / Allies) lols.: gg
(02:11 / All) lols.: gg
(02:29 / All) sebaschan.1se: TT
(02:57 / All) sebaschan.1se: GET OUT
(13:27 / Allies) lols.: b
(13:59 / All) adidas: ㅎㅎ 재밌다
(25:37 / Allies) lols.: :D